 Dungeon Crawl Stone Soup version 0.28-a0-556-gab23d0e057 (webtiles) character file.

Game seed: 18231439149987309905

1882 friend the Basher (level 8, 9/65 HPs)
             Began as a Minotaur Fighter on Sept 29, 2021.
             Was a Believer of Ru.
             Quit the game on level 7 of the Dungeon.
             The game lasted 00:08:08 (4863 turns).

friend the Basher (Minotaur Fighter)                Turns: 4863, Time: 00:08:09

Health: 9/65       AC: 14    Str: 21    XL:     8   Next: 92%
Magic:  0/7        EV:  6    Int: 10    God:    Ru [**....]
Gold:   307        SH:  0    Dex: 12    Spells: 7/7 levels left

rFire   . . .      SeeInvis .   m - +8 quarterstaff "Woesosy" {flame, Int+5}
rCold   . . .      Faith    .   (shield currently unavailable)
rNeg    . . .      Spirit   +   j - +0 plate armour
rPois   .          Reflect  .   (helmet restricted)
rElec   .          Harm     .   (no cloak)
rCorr   .          Rampage  .   l - +0 pair of gloves
Will    .....                   (no boots)
Stlth   ..........              f - amulet of guardian spirit
HPRegen 0.20/turn               (no ring)
MPRegen 0.10/turn               (no ring)

@: seriously poisoned (9 -> 1)
A: horns 2, frail 1, retaliatory headbutt
a: Renounce Religion


You were on level 7 of the Dungeon.
You worshipped Ru.
Ru was pleased with you.
You visited 1 branch of the dungeon, and saw 7 of its levels.

You collected 307 gold pieces.

Inventory:

Hand Weapons
 a - a +0 flail of freezing
 m - the +8 quarterstaff "Woesosy" (weapon) {flame, Int+5}
   (You took it off an orc on level 6 of the Dungeon)

   It burns those it strikes, dealing additional fire damage.
   Int:       It affects your intelligence (+5).
Missiles
 e - 35 poisoned darts (quivered)
Armour
 c - a +0 buckler
 j - a +0 plate armour (worn)
 l - a +0 pair of gloves (worn)
Jewellery
 f - an amulet of guardian spirit (around neck)
 k - an amulet of the acrobat
Wands
 r - a wand of iceblast (7)
Scrolls
 b - 3 scrolls of brand weapon
 g - a scroll of amnesia {unknown}
 i - 3 scrolls of identify
 n - 2 scrolls of immolation
 o - a scroll of enchant armour {unknown}
 s - a scroll of fog {unknown}
 t - 2 scrolls of teleportation
Potions
 d - a potion of might
 h - 2 potions of haste
 p - a potion of attraction


   Skills:
 + Level 7.0 Fighting
 - Level 11.0(11.2) Maces & Flails
 - Level 3.7(8.0) Staves
 - Level 6.1 Armour
 - Level 3.6 Shields


You had 7 spell levels left.
You didn't know any spells.
Your spell library contained the following spells:

 Spells                   Type           Power      Damage    Failure   Level
 Animate Armour           Summ/Erth      0%         N/A       100%        4
 Blade Hands              Tmut           0%         N/A       100%        5
 Iron Shot                Conj/Erth      0%         9d1       100%        6


Dungeon Overview and Level Annotations

Branches:
Dungeon (7/15)             Temple (0/1) D:4

Altars:
Ru


Innate Abilities, Weirdness & Mutations

You have a pair of horns on your head.
You are frail. (-10% HP)
You reflexively headbutt those who attack you in melee.


Message History

You headbutt the orc.
The orc wizard hits you but does no damage.
You take 5 damage, and have 44/65 hp.
You barely miss the wyvern.
You headbutt the wyvern, but do no damage.
The wyvern bites you. The orc hits you with a +0 flail.
The water moccasin bites you.
The orc wizard hits you but does no damage.
The wyvern bites you!
You take 17 damage, and have 27/65 hp.
MASSIVE DAMAGE!!
You now have 3/7 mp.
The wyvern bites you.
You take 2 damage, and have 25/65 hp.
You now have 2/7 mp.
You sock the wyvern! You burn the wyvern.
You kill the wyvern!
Training target 8.0 for Staves reached!
Your base Staves skill increases to level 3!
You need to enable at least one skill for training.
You barely miss the orc wizard. The water moccasin bites you.
You are poisoned.
The water moccasin poisons you!
The orc wizard gestures at you while chanting.
You resist with some effort.
You take 3 damage, and have 23/65 hp.
You now have 1/7 mp.
Okay, then.
Okay, then.
As you read the scroll labelled FETEIN SILEU, it crumbles to dust.
You feel aware of your surroundings.
You sensed 1 altar, and 1 shop/portal.
It was a scroll of magic mapping.
You feel very sick. The water moccasin bites you.
* * * LOW HITPOINT WARNING * * *
The orc wizard hits you with a +0 dagger.
* * * LOW HITPOINT WARNING * * *
The water moccasin bites you!
* * * LOW HITPOINT WARNING * * *
You take 14 damage, and have 9/65 hp.
MASSIVE DAMAGE!!
You now have 0/7 mp.

*,,,,...........#
***
*,,,,,..,###<...##
,,,,,,..##....#..##
,,,,,,........##..#
,,,,,..........#..#
,,,,,............##
**,,,..#..........#
***,,..........S..#
,,*,,,###.....##@##
,,,,*,*,#.#...Zo##
,,,,,,*,#.....#o#*
,,*,,,......#.#..#
,,,,,*#.##.....#.#
,***,*.,,#.###.,.#
,*,,,,,,,..,,#.#.#
,***,*,,.#.**#...#
,,,,,**.#*,,,..###


You could see a water moccasin, an orc wizard, an orc and a howler monkey
skeleton.

Vanquished Creatures
  Sigmund (D:2)
  A wyvern (D:7)
  A water moccasin (D:6)
  An ice beast (D:4)
  2 orc warriors (D:6)
  2 necrophages (D:4)
  An ogre (D:6)
  3 scorpions
  2 water moccasin zombies (D:5)
  2 jellies
  2 bullfrog skeletons (D:5)
  4 hounds
  An orc priest (D:6)
  3 iguanas
  4 orc wizards (D:6)
  A howler monkey zombie (D:5)
  9 adders
  A howler monkey skeleton (D:6)
  An ufetubus (D:4)
  A worm (D:4)
  2 dart slugs
  14 orcs
  3 ball pythons
  5 endoplasms
  5 giant cockroaches
  11 hobgoblins
  5 jackals
  8 kobolds
  4 quokkas
  4 bats
  6 frilled lizards
  9 goblins
  5 rats
124 creatures vanquished.

Vanquished Creatures (others)
  A hound (D:6)
1 creature vanquished.

Grand Total: 125 creatures vanquished

Notes
Turn   | Place    | Note
-------+----------+-------------------------------------------
     0 | D:1      | friend the Minotaur Fighter began the quest for the Orb.
     0 | D:1      | Reached XP level 1. HP: 19/19 MP: 0/0
    54 | D:1      | Reached skill level 3 in Maces & Flails
    56 | D:1      | Reached XP level 2. HP: 25/27 MP: 1/1
   274 | D:1      | Found a faded altar of an unknown god.
   544 | D:1      | Reached skill level 4 in Maces & Flails
   544 | D:1      | Reached XP level 3. HP: 33/33 MP: 2/2
  1126 | D:2      | Noticed Sigmund
  1155 | D:2      | Killed Sigmund
  1156 | D:2      | Reached skill level 6 in Maces & Flails
  1156 | D:2      | Reached XP level 4. HP: 34/40 MP: 3/3
  1156 | D:2      | Reached XP level 5. HP: 39/46 MP: 4/4
  1440 | D:3      | Reached skill level 7 in Maces & Flails
  2034 | D:3      | Reached XP level 6. HP: 52/52 MP: 5/5
  2077 | D:3      | Found a sacrificial altar of Ru.
  2191 | D:3      | Became a worshipper of Ru the Awakened
  2570 | D:4      | Noticed an ice beast
  2581 | D:4      | Killed an ice beast
  2582 | D:4      | Reached skill level 8 in Maces & Flails
  2876 | D:4      | Reached skill level 5 in Fighting
  2876 | D:4      | Reached XP level 7. HP: 61/61 MP: 6/6
  2975 | D:4      | Found a staircase to the Ecumenical Temple.
  3173 | D:4      | Reached skill level 9 in Maces & Flails
  3526 | D:5      | Entered Level 5 of the Dungeon
  3606 | D:5      | Gained mutation: You are frail. (-10% HP) [Ru sacrifice]
  3606 | D:5      | Reached * piety under Ru
  3606 | D:5      | Reached ** piety under Ru
  3655 | D:5      | Reached skill level 10 in Maces & Flails
  3845 | D:5      | Reached XP level 8. HP: 60/63 MP: 4/7
  4312 | D:6      | Reached skill level 5 in Armour
  4387 | D:6      | Reached skill level 11 in Maces & Flails
  4439 | D:6      | Identified the +8 quarterstaff "Woesosy" {flame, Int+5}
  4863 | D:7      | Quit the game

Illustrated notes

Levels and vault maps discovered:
D:1:      dpeg_arrival_rooms_c, layout_loops_ring,
          shapermc_ecumenical_altar_mp_highgroup, minmay_bisected
D:2:      layout_rooms, uniq_sigmund
D:3:      layout_basic, nicolae_ru_the_path_less_chosen, minmay_circle_x
D:4:      layout_basic, temple_hall
D:5:      layout_basic
D:6:      layout_cave_pools, minmay_holes
D:7:      layout_cave_pools, lemuel_doored_altar, serial_shops,
          nicolae_diamond_shop, minmay_fractal_squares_5, uniq_pikel

Skill      XL: |  1  2  3  4  5  6  7  8 |
---------------+-------------------------+-----
Maces & Flails | 3 4 6 7 8 10 11 | 11.0
Fighting       | 4 5 6 7 |  7.0
Armour         | 6 |  6.1
Staves         | 3 |  3.7
Shields        | |  3.6

Action                   |  1- 3 |  4- 6 |  7- 9 || total
-------------------------+-------+-------+-------++-------
Melee: Flail             |    89 |   102 |   154 ||   345
       Headbutt          |     8 |    14 |    28 ||    50
       Quarterstaff      |       |       |    18 ||    18
Throw: Dart              |     9 |       |       ||     9
Invok: Sacrifice Health  |       |       |     1 ||     1
  Use: Scroll            |       |     2 |     5 ||     7
Armor: Scale mail        |    19 |       |       ||    19
       Plate armour      |    34 |    50 |   103 ||   187
Dodge: Dodged            |    27 |    31 |    46 ||   104
Block: Buckler           |    15 |    11 |    26 ||    52

Table legend: (Time is in decaauts)
 A = Elapsed time spent in this place.
 B = Non-inter-level travel time spent in this place.
 C = Inter-level travel time spent in this place.
 D = Time resting spent in this place.
 E = Time spent auto-exploring this place.
 F = Levels seen in this place.
 G = Mean time per level.
                   A        B        C        D        E       F      G
               +--------+--------+--------+--------+--------+-----+--------+
         Total |   4868 |   4691 |    177 |    223 |   3633 |   7 |  695.4 |
       Dungeon |   4868 |   4691 |    177 |    223 |   3633 |   7 |  695.4 |
               +--------+--------+--------+--------+--------+-----+--------+

Top non-repeatable levels by time:
     D:4: 1068 daAuts
     D:3: 1031 daAuts
     D:1: 838 daAuts
     D:6: 781 daAuts
     D:2: 609 daAuts
     D:5: 503 daAuts
     D:7: 35 daAuts
